Colorado Rockies vs Anaheim Ducks
(R3)
Created - Thursday, September 18, 2025 at 07:55
Goals
|
| Colorado Rockies |
1 |
0 |
1 |
2 |
| Anaheim Ducks |
1 |
2 |
1 |
4 |
|
Shots
|
| Colorado Rockies |
14 |
7 |
15 |
36 |
| Anaheim Ducks |
9 |
16 |
6 |
31 |
|
1st period
1. Colorado Rockies , Tim Stutzle 10 (Kyle Connor 6, Nikita Kucherov 13) at 5:32
2. Anaheim Ducks , Will Cuylle 4 (Alex Killorn 13) at 10:47
Penalties :
Mark Scheifele (ANA) for Fighting (Major) at 7:51, Vince Dunn (COL) for Fighting (Major) at 7:51, Brayden Schenn (ANA) for Interference (Minor) at 13:35, Nazem Kadri (ANA) for Holding (Minor) at 18:58
2nd period
3. Anaheim Ducks , Philip Broberg 3 (Chandler Stephenson 11, Nazem Kadri 15) at 1:45
4. Anaheim Ducks , Jonny Brodzinski 5 (Esa Lindell 9, J.T. Compher 3) at 3:52
Penalties :
Ivan Provorov (ANA) for Interference (Minor) at 8:57, Martin Fehervary (COL) for High sticking (Minor) at 16:35
3rd period
5. Anaheim Ducks , Philip Broberg 4 (Mark Scheifele 26, Joshua Morrissey 17) at 1:41 (PP)
6. Colorado Rockies , David Pastrnak 17 (Kyle Connor 7, Quinn Hughes 7) at 11:26
Penalties :
Nikita Kucherov (COL) for Tripping (Minor) at 0:45, John Tavares (ANA) for Boarding (Minor) at 6:35, Andrew Peeke (COL) for Tripping (Minor) at 7:03, Brayden Schenn (ANA) for Roughing (Minor) at 12:12, Michael Bunting (COL) for Tripping (Minor) at 15:08
Goalie Stats
Daniil Tarasov (COL), 27 saves from 31 shots - (0.871), L, 3-7-3, 60:00 minutes
Linus Ullmark (ANA), 34 saves from 36 shots - (0.944), W, 15-12-1, 60:00 minutes
Players Stats for Colorado Rockies
Player Name G A P +/- PIM S H SB GA TA FO MP PP MP PK MP
------------------------------------------------------------------------------------
Andrew Peeke 0 0 0 1 2 0 1 2 0 0 0/0 22:11 4:02 2:43
David Pastrnak 1 0 1 1 0 2 2 0 3 0 1/3 14:26 3:31 0:00
Evgeny Kuznetsov 0 0 0 0 0 1 0 0 0 0 1/10 11:55 0:00 0:00
Jesper Bratt 0 0 0 1 0 3 1 0 0 0 1/1 15:17 3:31 0:51
Kevin Hayes 0 0 0 -1 0 1 1 0 0 0 3/4 13:35 0:00 2:20
Kyle Connor 0 2 2 -1 0 0 2 2 0 1 0/0 18:41 4:53 2:24
Kyle Palmieri 0 0 0 1 0 0 3 0 0 0 1/13 15:12 3:31 0:00
Martin Fehervary 0 0 0 -2 2 3 2 2 1 1 0/0 25:01 4:21 1:49
Michael Bunting 0 0 0 -1 2 2 2 0 0 0 0/0 13:31 0:00 1:56
Nick Bonino 0 0 0 0 0 0 0 0 0 0 0/0 12:06 0:00 0:11
Nick Schmaltz 0 0 0 -1 0 3 2 1 1 0 5/13 14:02 0:00 2:47
Nikita Kucherov 0 1 1 -1 2 2 2 1 2 0 0/0 15:54 4:53 0:00
Philipp Kurashev 0 0 0 0 0 4 0 1 1 1 0/1 11:55 0:00 0:00
Quinn Hughes 0 1 1 1 0 2 1 0 0 0 0/0 23:15 4:03 2:43
Tim Stutzle 1 0 1 -1 0 6 1 1 0 0 5/16 16:31 4:53 0:15
Victor Hedman 0 0 0 -2 0 2 1 3 1 1 0/0 25:52 4:21 2:39
Vince Dunn 0 0 0 0 5 2 1 2 0 0 0/0 11:05 0:00 0:00
Zach Whitecloud 0 0 0 0 0 3 1 1 0 1 0/0 12:33 0:00 0:50
Players Stats for Anaheim Ducks
Player Name G A P +/- PIM S H SB GA TA FO MP PP MP PK MP
------------------------------------------------------------------------------------
Alex Killorn 0 1 1 2 0 2 4 0 0 0 0/1 16:02 0:00 4:25
Brayden Schenn 0 0 0 -1 4 0 4 0 0 0 1/1 18:26 3:07 2:03
Brenden Dillon 0 0 0 0 0 1 2 1 0 0 0/0 18:57 0:28 3:37
Chandler Stephenson 0 1 1 2 0 3 0 1 0 0 8/11 16:08 0:00 4:31
Esa Lindell 0 1 1 2 0 0 1 0 0 3 0/0 24:39 1:47 4:55
Ivan Provorov 0 0 0 -1 2 0 1 0 1 1 0/0 21:48 2:15 4:27
J.T. Compher 0 1 1 1 0 2 1 0 0 1 5/5 11:33 0:28 3:39
John Tavares 0 0 0 -1 2 1 0 0 0 0 18/23 16:30 2:43 0:23
Jonny Brodzinski 1 0 1 1 0 2 0 0 0 0 0/0 7:04 0:00 0:00
Joshua Morrissey 0 1 1 2 0 1 2 2 1 1 0/0 21:04 3:07 0:43
Kevin Bahl 0 0 0 -1 0 2 1 0 0 0 0/0 13:45 0:00 0:43
Mark Scheifele 0 1 1 -1 5 1 1 0 0 0 9/14 14:44 2:39 0:00
Mason Marchment 0 0 0 -1 0 2 3 0 2 1 1/1 14:28 2:15 0:00
Nazem Kadri 0 1 1 0 2 1 3 0 0 0 2/2 19:11 2:15 1:47
Parker Kelly 0 0 0 1 0 3 0 0 0 0 0/1 7:04 0:00 0:00
Philip Broberg 2 0 2 0 0 5 0 1 1 1 0/0 19:47 3:07 2:23
Will Cuylle 1 0 1 1 0 1 0 0 0 0 0/0 10:00 0:00 0:00
William Nylander 0 0 0 -1 0 4 1 0 0 1 0/2 18:49 2:39 0:00
3 Stars
1 - Philip Broberg (ANA)
2 - Linus Ullmark (ANA)
3 - Alex Killorn (ANA)
Power Play
Colorado Rockies - 0 on 5 Attempt(s) - 0.00%
Anaheim Ducks - 1 on 4 Attempt(s) - 25.00%
Penalty Kill
Colorado Rockies - 3 on 4 Attempt(s) - 75.00%
- Score 0 goal in Penalty Kill
Anaheim Ducks - 5 on 5 Attempt(s) - 100.00%
- Score 0 goal in Penalty Kill
Team Stat
Colorado Rockies - Hits : 23 - Faceoff Wins : 17 - Blocked Shots : 16 - Penalty Minutes : 13
Anaheim Ducks - Hits : 24 - Faceoff Wins : 44 - Blocked Shots : 5 - Penalty Minutes : 15
Official
Referees : Kendrick Nicholson and Michael Markovic
Linesman : Steve Barton and Kyle Flemington
Game Notes
Mark Scheifele beats up Vince Dunn at 7:51 of 1st period
Finance
Level 1 -- Attendance: 4415 (73.58%) -- Ticket Income $441,500
Level 2 -- Attendance: 3550 (71.00%) -- Ticket Income $213,000
Level 3 -- Attendance: 2130 (71.00%) -- Ticket Income $97,980
Level 4 -- Attendance: 3754 (75.08%) -- Ticket Income $93,850
Luxury Box -- Attendance: 720 (72.00%) -- Ticket Income $144,000
Game was played at the Honda Center.
Total Attendance: 14569 (72.85%)
Total Ticket Income: $990,330
Other Income: $346,616
Total Income: $1,336,946
Colorado Rockies
5 vs 5 Forward
Center Left Wing Right Wing Time % Phy DF OF
1 Tim Stutzle Kyle Connor Nikita Kucherov 25 0 0 5
2 Kyle Palmieri Jesper Bratt David Pastrnak 25 1 2 2
3 Nick Schmaltz Michael Bunting Kevin Hayes 25 1 2 2
4 Evgeny Kuznetsov Nick Bonino Philipp Kurashev 25 5 0 0
5 vs 5 Defense
Defense Defense Time % Phy DF OF
1 Victor Hedman Martin Fehervary 30 1 2 2
2 Quinn Hughes Andrew Peeke 30 1 2 2
3 Vince Dunn Zach Whitecloud 25 1 2 2
4 Victor Hedman Martin Fehervary 15 1 2 2
PowerPlay Forward
Center Left Wing Right Wing Time % Phy DF OF
1 Tim Stutzle Kyle Connor Nikita Kucherov 50 1 2 2
2 Kyle Palmieri Jesper Bratt David Pastrnak 50 1 2 2
PowerPlay Defense
Defense Defense Time % Phy DF OF
1 Victor Hedman Martin Fehervary 50 1 2 2
2 Quinn Hughes Andrew Peeke 50 1 2 2
Penalty Kill 4 Players Forward
Center Wing Time % Phy DF OF
1 Nick Schmaltz Michael Bunting 50 1 2 2
2 Kevin Hayes Kyle Connor 50 1 2 2
Penalty Kill 4 Players Defense
Defense Defense Time % Phy DF OF
1 Victor Hedman Martin Fehervary 50 1 2 2
2 Quinn Hughes Andrew Peeke 50 1 2 2
Penalty Kill - 3 Players Forward
Forward Time % Phy DF OF
1 Kevin Hayes 50 1 2 2
2 Nick Schmaltz 50 1 2 2
Penalty Kill - 3 Players Defense
Defense Defense Time % Phy DF OF
1 Victor Hedman Martin Fehervary 50 1 2 2
2 Quinn Hughes Andrew Peeke 50 1 2 2
4 vs 4 Forward
Center Wing Time % Phy DF OF
1 Tim Stutzle Nikita Kucherov 50 1 2 2
2 Kyle Palmieri Kyle Connor 50 1 2 2
4 vs 4 Defense
Defense Defense Time % Phy DF OF
1 Victor Hedman Martin Fehervary 50 1 2 2
2 Quinn Hughes Andrew Peeke 50 1 2 2
Last Minutes Offensive
Center Left Wing Right Wing Defense Defense
Tim Stutzle Kyle Connor Nikita Kucherov Victor Hedman Martin Fehervary
Last Minutes Defensive
Center Left Wing Right Wing Defense Defense
Tim Stutzle Kyle Connor Nikita Kucherov Victor Hedman Martin Fehervary
Goaltenders
Starting : Daniil Tarasov
Backup : Joey Daccord
Extra Forwards
Normal : Evgeny Kuznetsov, Nick Schmaltz, Michael Bunting - PP : Evgeny Kuznetsov, Nick Schmaltz - PK : Michael Bunting
Extra Defensemen
Normal : Vince Dunn, Zach Whitecloud, Quinn Hughes - PP : Vince Dunn - PK : Zach Whitecloud, Quinn Hughes
Penalty Shots
Nikita Kucherov, Tim Stutzle, David Pastrnak, Kyle Connor, Jesper Bratt
Scratches
Timothy Liljegren (Healthy)
Anaheim Ducks
5 vs 5 Forward
Center Left Wing Right Wing Time % Phy DF OF
1 Mark Scheifele Mason Marchment Brayden Schenn 35 1 2 2
2 John Tavares Nazem Kadri William Nylander 35 1 2 2
3 Chandler Stephenson Will Cuylle Alex Killorn 20 1 2 2
4 J.T. Compher Parker Kelly Jonny Brodzinski 10 1 2 2
5 vs 5 Defense
Defense Defense Time % Phy DF OF
1 Esa Lindell Joshua Morrissey 36 1 2 2
2 Ivan Provorov Philip Broberg 33 1 2 2
3 Kevin Bahl Brenden Dillon 31 1 2 2
4 Esa Lindell Ivan Provorov 0 1 2 2
PowerPlay Forward
Center Left Wing Right Wing Time % Phy DF OF
1 Mark Scheifele Brayden Schenn William Nylander 50 1 1 3
2 Nazem Kadri John Tavares Mason Marchment 50 1 1 3
PowerPlay Defense
Defense Defense Time % Phy DF OF
1 Joshua Morrissey Philip Broberg 60 1 2 2
2 Ivan Provorov Esa Lindell 40 1 2 2
Penalty Kill 4 Players Forward
Center Wing Time % Phy DF OF
1 Chandler Stephenson Alex Killorn 60 1 3 1
2 J.T. Compher Brayden Schenn 40 1 3 1
Penalty Kill 4 Players Defense
Defense Defense Time % Phy DF OF
1 Esa Lindell Ivan Provorov 60 1 4 0
2 Brenden Dillon Philip Broberg 40 1 4 0
Penalty Kill - 3 Players Forward
Forward Time % Phy DF OF
1 Chandler Stephenson 60 1 4 0
2 Alex Killorn 40 1 4 0
Penalty Kill - 3 Players Defense
Defense Defense Time % Phy DF OF
1 Esa Lindell Ivan Provorov 60 1 4 0
2 Brenden Dillon Philip Broberg 40 1 4 0
4 vs 4 Forward
Center Wing Time % Phy DF OF
1 John Tavares William Nylander 60 1 2 2
2 Mark Scheifele Nazem Kadri 40 1 2 2
4 vs 4 Defense
Defense Defense Time % Phy DF OF
1 Esa Lindell Joshua Morrissey 60 1 2 2
2 Brenden Dillon Ivan Provorov 40 1 2 2
Last Minutes Offensive
Center Left Wing Right Wing Defense Defense
Mark Scheifele Brayden Schenn William Nylander Philip Broberg Joshua Morrissey
Last Minutes Defensive
Center Left Wing Right Wing Defense Defense
Chandler Stephenson Alex Killorn Brayden Schenn Ivan Provorov Esa Lindell
Goaltenders
Starting : Linus Ullmark
Backup : James Reimer
Extra Forwards
Normal : William Nylander, Mark Scheifele, Nazem Kadri - PP : William Nylander, Nazem Kadri - PK : Chandler Stephenson
Extra Defensemen
Normal : Esa Lindell, Ivan Provorov, Brenden Dillon - PP : Joshua Morrissey - PK : Esa Lindell, Ivan Provorov
Penalty Shots
Chandler Stephenson, Mark Scheifele, Brayden Schenn, Alex Killorn, William Nylander
Scratches
Morgan Rielly (Healthy)
% Time on Ice - Colorado Rockies
Lines # - Real PCT - Wanted PCT - Time Play
Normal Forward
1 - 24% - 25% - 10:38
2 - 24% - 25% - 10:55
3 - 25% - 25% - 11:15
4 - 27% - 25% - 11:55
Normal Defense
1 - 30% - 30% - 13:25
2 - 34% - 30% - 15:12
3 - 26% - 25% - 11:43
4 - 10% - 15% - 4:23
PP Forward
1 - 58% - 50% - 4:53
2 - 42% - 50% - 3:31
PP Defense
1 - 52% - 50% - 4:21
2 - 48% - 50% - 4:03
PK Forward
1 - 57% - 50% - 3:02
2 - 43% - 50% - 2:20
PK Defense
1 - 49% - 50% - 2:39
2 - 51% - 50% - 2:43
PK3 Forward
1 - 0% - 50%
2 - 0% - 50%
PK3 Defense
1 - 0% - 50%
2 - 0% - 50%
44 Forward
1 - 49% - 50% - 0:45
2 - 51% - 50% - 0:46
44 Defense
1 - 70% - 50% - 1:04
2 - 30% - 50% - 0:27
Last Minute Offensive - 0:00
Last Minute Defensive - 0:00
Total
Forward - 60:00
Defense - 60:00
|
% Time on Ice - Anaheim Ducks
Lines # - Real PCT - Wanted PCT - Time Play
Normal Forward
1 - 32% - 35% - 14:08
2 - 30% - 35% - 13:31
3 - 22% - 20% - 10:00
4 - 16% - 10% - 7:04
Normal Defense
1 - 36% - 36% - 16:06
2 - 34% - 33% - 15:03
3 - 29% - 31% - 13:02
4 - 1% - 0% - 0:32
PP Forward
1 - 58% - 50% - 3:07
2 - 42% - 50% - 2:15
PP Defense
1 - 58% - 60% - 3:07
2 - 42% - 40% - 2:15
PK Forward
1 - 66% - 60% - 5:35
2 - 34% - 40% - 2:49
PK Defense
1 - 72% - 60% - 6:01
2 - 28% - 40% - 2:23
PK3 Forward
1 - 0% - 60%
2 - 0% - 40%
PK3 Defense
1 - 0% - 60%
2 - 0% - 40%
44 Forward
1 - 100% - 60% - 1:31
2 - 0% - 40% - 0:00
44 Defense
1 - 68% - 60% - 1:02
2 - 32% - 40% - 0:29
Last Minute Offensive - 0:00
Last Minute Defensive - 0:00
Total
Forward - 60:00
Defense - 60:00
|
Play-by-Play
1st period
0:01 of 1st period - Mark Scheifele wins face-off versus Tim Stutzle in neutral zone.
0:06 of 1st period - Wrist shot by Mark Scheifele.
0:06 of 1st period - Stopped by Daniil Tarasov without a rebound.
0:07 of 1st period - Mark Scheifele wins face-off versus Tim Stutzle in Colorado Rockies zone.
0:16 of 1st period - Slapshot by Mark Scheifele.
0:16 of 1st period - Deflect By Mason Marchment.
0:16 of 1st period - Stopped by Daniil Tarasov without a rebound.
0:17 of 1st period - John Tavares wins face-off versus Kyle Palmieri in Colorado Rockies zone.
0:34 of 1st period - Wrist shot by John Tavares.
0:34 of 1st period - Stopped by Daniil Tarasov without a rebound.
0:35 of 1st period - Chandler Stephenson wins face-off versus Nick Schmaltz in Colorado Rockies zone.
0:50 of 1st period - Brenden Dillon is hit by Vince Dunn and loses puck.
1:13 of 1st period - Backhand shot by Parker Kelly.
1:13 of 1st period - Stopped by Daniil Tarasov with a rebound.
1:31 of 1st period - Slapshot by William Nylander.
1:31 of 1st period - Shot Misses the Net.
2:15 of 1st period - Slapshot by Nick Schmaltz.
2:15 of 1st period - Stopped by Linus Ullmark without a rebound.
2:16 of 1st period - John Tavares wins face-off versus Evgeny Kuznetsov in Anaheim Ducks zone.
2:25 of 1st period - Ivan Provorov is hit by Martin Fehervary and loses puck.
2:42 of 1st period - Victor Hedman is hit by Alex Killorn and loses puck.
3:07 of 1st period - Slapshot by Mark Scheifele.
3:07 of 1st period - Shot Blocked by Tim Stutzle.
3:09 of 1st period - Wrist shot by Ivan Provorov.
3:09 of 1st period - Deflect By Mason Marchment.
3:09 of 1st period - Shot Blocked by Martin Fehervary.
3:09 of 1st period - Puck is out of play.
3:10 of 1st period - John Tavares wins face-off versus Kyle Palmieri in Colorado Rockies zone.
3:25 of 1st period - Slapshot by William Nylander.
3:25 of 1st period - Shot Misses the Net.
4:02 of 1st period - Philipp Kurashev is hit by Kevin Bahl and loses puck.
4:13 of 1st period - Snap shot by Alex Killorn.
4:13 of 1st period - Shot Blocked by Vince Dunn.
4:15 of 1st period - Wrist shot by Alex Killorn.
4:15 of 1st period - Deflect By Chandler Stephenson.
4:15 of 1st period - Stopped by Daniil Tarasov without a rebound.
4:16 of 1st period - John Tavares wins face-off versus Kyle Palmieri in Colorado Rockies zone.
4:19 of 1st period - Wrist shot by William Nylander.
4:19 of 1st period - Shot Misses the Net.
5:07 of 1st period - Martin Fehervary is hit by Mason Marchment and loses puck.
5:32 of 1st period - Slapshot by Tim Stutzle.
5:32 of 1st period - Goal by Tim Stutzle - Colorado Rockies : 1 - Anaheim Ducks : 0.
5:33 of 1st period - Chandler Stephenson wins face-off versus Tim Stutzle in neutral zone.
5:50 of 1st period - Wrist shot by Kyle Connor.
5:50 of 1st period - Deflect By Tim Stutzle.
5:50 of 1st period - Shot Misses the Net.
5:50 of 1st period - Puck is out of play.
5:51 of 1st period - Nick Schmaltz wins face-off versus John Tavares in Anaheim Ducks zone.
6:35 of 1st period - Snap shot by Michael Bunting.
6:35 of 1st period - Stopped by Linus Ullmark without a rebound.
6:36 of 1st period - Mark Scheifele wins face-off versus David Pastrnak in Anaheim Ducks zone.
6:52 of 1st period - Mason Marchment is hit by David Pastrnak and loses puck.
7:33 of 1st period - Wrist shot by Vince Dunn.
7:33 of 1st period - Stopped by Linus Ullmark without a rebound.
7:34 of 1st period - Mark Scheifele wins face-off versus Evgeny Kuznetsov in Anaheim Ducks zone.
7:34 of 1st period - Mark Scheifele is hit by Zach Whitecloud.
7:51 of 1st period - Mark Scheifele beats up Vince Dunn.
7:51 of 1st period - Penalty to Mark Scheifele for Fighting.
7:51 of 1st period - Penalty to Vince Dunn for Fighting.
7:52 of 1st period - John Tavares wins face-off versus Tim Stutzle in Colorado Rockies zone.
8:01 of 1st period - Snap shot by Tim Stutzle.
8:01 of 1st period - Deflect By Nikita Kucherov.
8:01 of 1st period - Shot Misses the Net.
8:01 of 1st period - Puck is out of play.
8:02 of 1st period - John Tavares wins face-off versus Tim Stutzle in Anaheim Ducks zone.
8:11 of 1st period - Slapshot by Tim Stutzle.
8:11 of 1st period - Stopped by Linus Ullmark without a rebound.
8:12 of 1st period - Mason Marchment wins face-off versus Evgeny Kuznetsov in Anaheim Ducks zone.
8:20 of 1st period - Snap shot by William Nylander.
8:20 of 1st period - Shot Misses the Net.
8:22 of 1st period - Slapshot by Brenden Dillon.
8:22 of 1st period - Deflect By Quinn Hughes.
8:22 of 1st period - Stopped by Daniil Tarasov with a rebound.
8:24 of 1st period - Snap shot by Mason Marchment.
8:24 of 1st period - Stopped by Daniil Tarasov with a rebound.
8:59 of 1st period - Wrist shot by William Nylander.
8:59 of 1st period - Stopped by Daniil Tarasov with a rebound.
9:01 of 1st period - Slapshot by Esa Lindell.
9:01 of 1st period - Deflect By John Tavares.
9:01 of 1st period - Shot Blocked by Zach Whitecloud.
9:01 of 1st period - Puck is out of play.
9:02 of 1st period - John Tavares wins face-off versus Nick Schmaltz in Colorado Rockies zone.
9:13 of 1st period - Philip Broberg is hit by Victor Hedman and loses puck.
10:15 of 1st period - Slapshot by Parker Kelly.
10:15 of 1st period - Deflect By Jonny Brodzinski.
10:15 of 1st period - Shot Blocked by Nikita Kucherov.
10:15 of 1st period - Puck is out of play.
10:16 of 1st period - Jesper Bratt wins face-off versus William Nylander in Colorado Rockies zone.
10:16 of 1st period - Jesper Bratt is hit by Brayden Schenn.
10:24 of 1st period - Slapshot by Jesper Bratt.
10:24 of 1st period - Shot Misses the Net.
10:47 of 1st period - Wrist shot by Will Cuylle.
10:47 of 1st period - Goal by Will Cuylle - Colorado Rockies : 1 - Anaheim Ducks : 1.
10:48 of 1st period - John Tavares wins face-off versus Evgeny Kuznetsov in neutral zone.
11:15 of 1st period - Andrew Peeke is hit by Nazem Kadri.
11:24 of 1st period - Icing by Esa Lindell.
11:25 of 1st period - Tim Stutzle wins face-off versus Parker Kelly in Anaheim Ducks zone.
12:25 of 1st period - Snap shot by Philipp Kurashev.
12:25 of 1st period - Deflect By Evgeny Kuznetsov.
12:25 of 1st period - Stopped by Linus Ullmark with a rebound.
13:24 of 1st period - Snap shot by John Tavares.
13:24 of 1st period - Shot Misses the Net.
13:35 of 1st period - Minor Penalty to Brayden Schenn for Interference.
13:36 of 1st period - Chandler Stephenson wins face-off versus Tim Stutzle in Anaheim Ducks zone.
15:18 of 1st period - Quinn Hughes is hit by Brenden Dillon and loses puck.
15:35 of 1st period - Penalty to Brayden Schenn is over, Brayden Schenn is back on ice.
16:13 of 1st period - Snap shot by Michael Bunting.
16:13 of 1st period - Stopped by Linus Ullmark without a rebound.
16:14 of 1st period - Mark Scheifele wins face-off versus Evgeny Kuznetsov in Anaheim Ducks zone.
16:17 of 1st period - Slapshot by Vince Dunn.
16:17 of 1st period - Stopped by Linus Ullmark with a rebound.
16:19 of 1st period - Snap shot by Philipp Kurashev.
16:19 of 1st period - Stopped by Linus Ullmark with a rebound.
16:21 of 1st period - Wrist shot by Philipp Kurashev.
16:21 of 1st period - Stopped by Linus Ullmark with a rebound.
16:23 of 1st period - Slapshot by Zach Whitecloud.
16:23 of 1st period - Deflect By Mason Marchment.
16:23 of 1st period - Stopped by Linus Ullmark without a rebound.
16:24 of 1st period - Mark Scheifele wins face-off versus Evgeny Kuznetsov in Anaheim Ducks zone.
16:35 of 1st period - Slapshot by Vince Dunn.
16:35 of 1st period - Deflect By Philipp Kurashev.
16:35 of 1st period - Stopped by Linus Ullmark without a rebound.
16:36 of 1st period - John Tavares wins face-off versus Tim Stutzle in Anaheim Ducks zone.
17:05 of 1st period - Brayden Schenn is hit by Michael Bunting and loses puck.
17:12 of 1st period - Snap shot by Nick Schmaltz.
17:12 of 1st period - Stopped by Linus Ullmark without a rebound.
17:13 of 1st period - John Tavares wins face-off versus Kyle Palmieri in Anaheim Ducks zone.
17:20 of 1st period - Nazem Kadri is hit by David Pastrnak and loses puck.
17:29 of 1st period - Slapshot by John Tavares.
17:29 of 1st period - Shot Misses the Net.
18:24 of 1st period - Snap shot by Philipp Kurashev.
18:24 of 1st period - Deflect By Ivan Provorov.
18:24 of 1st period - Stopped by Linus Ullmark with a rebound.
18:58 of 1st period - Minor Penalty to Nazem Kadri for Holding.
18:59 of 1st period - Chandler Stephenson wins face-off versus Kyle Palmieri in Anaheim Ducks zone.
18:59 of 1st period - Chandler Stephenson is hit by Quinn Hughes.
19:45 of 1st period - Snap shot by Nikita Kucherov.
19:45 of 1st period - Shot Misses the Net.
Goals for this period are 1 for Colorado Rockies vs 1 for Anaheim Ducks.
Shots for this period are 14 for Colorado Rockies vs 9 for Anaheim Ducks.
2nd period
0:01 of 2nd period - Tim Stutzle wins face-off versus Chandler Stephenson in neutral zone.
0:06 of 2nd period - Wrist shot by Tim Stutzle.
0:06 of 2nd period - Shot Blocked by Chandler Stephenson.
0:08 of 2nd period - Slapshot by Victor Hedman.
0:08 of 2nd period - Stopped by Linus Ullmark without a rebound.
0:09 of 2nd period - Tim Stutzle wins face-off versus Chandler Stephenson in Anaheim Ducks zone.
0:30 of 2nd period - Snap shot by Tim Stutzle.
0:30 of 2nd period - Stopped by Linus Ullmark with a rebound.
0:32 of 2nd period - Snap shot by Victor Hedman.
0:32 of 2nd period - Stopped by Linus Ullmark with a rebound.
0:34 of 2nd period - Wrist shot by Nikita Kucherov.
0:34 of 2nd period - Shot Misses the Net.
0:58 of 2nd period - Penalty to Nazem Kadri is over, Nazem Kadri is back on ice.
1:00 of 2nd period - Wrist shot by Chandler Stephenson.
1:00 of 2nd period - Shot Misses the Net.
1:16 of 2nd period - Snap shot by Alex Killorn.
1:16 of 2nd period - Shot Misses the Net.
1:18 of 2nd period - Slapshot by Philip Broberg.
1:18 of 2nd period - Deflect By Nikita Kucherov.
1:18 of 2nd period - Stopped by Daniil Tarasov with a rebound.
1:20 of 2nd period - Slapshot by Philip Broberg.
1:20 of 2nd period - Stopped by Daniil Tarasov with a rebound.
1:25 of 2nd period - Snap shot by Alex Killorn.
1:25 of 2nd period - Shot Blocked by Kyle Connor.
1:27 of 2nd period - Slapshot by Alex Killorn.
1:27 of 2nd period - Stopped by Daniil Tarasov with a rebound.
1:33 of 2nd period - Wrist shot by Alex Killorn.
1:33 of 2nd period - Shot Blocked by Victor Hedman.
1:43 of 2nd period - Slapshot by Chandler Stephenson.
1:43 of 2nd period - Stopped by Daniil Tarasov with a rebound.
1:45 of 2nd period - Slapshot by Philip Broberg.
1:45 of 2nd period - Goal by Philip Broberg - Colorado Rockies : 1 - Anaheim Ducks : 2.
1:46 of 2nd period - Mark Scheifele wins face-off versus Nick Schmaltz in neutral zone.
2:11 of 2nd period - Philipp Kurashev is hit by Joshua Morrissey and loses puck.
2:38 of 2nd period - Snap shot by Jesper Bratt.
2:38 of 2nd period - Stopped by Linus Ullmark with a rebound.
3:46 of 2nd period - Icing by Joshua Morrissey.
3:47 of 2nd period - J.T. Compher wins face-off versus Nick Schmaltz in Anaheim Ducks zone.
3:52 of 2nd period - Slapshot by Esa Lindell.
3:52 of 2nd period - Deflect By Jonny Brodzinski.
3:52 of 2nd period - Goal by Jonny Brodzinski - Colorado Rockies : 1 - Anaheim Ducks : 3.
3:53 of 2nd period - Nick Schmaltz wins face-off versus William Nylander in neutral zone.
4:32 of 2nd period - Andrew Peeke is hit by Alex Killorn and loses puck.
4:45 of 2nd period - Esa Lindell is hit by Kyle Palmieri and loses puck.
5:05 of 2nd period - William Nylander is hit by Michael Bunting and loses puck.
5:30 of 2nd period - Snap shot by Parker Kelly.
5:30 of 2nd period - Shot Misses the Net.
6:11 of 2nd period - Off-side.
6:12 of 2nd period - John Tavares wins face-off versus Kyle Palmieri in neutral zone.
7:51 of 2nd period - Tim Stutzle is hit by Nazem Kadri.
8:57 of 2nd period - Minor Penalty to Ivan Provorov for Interference.
8:58 of 2nd period - Chandler Stephenson wins face-off versus Kyle Palmieri in Anaheim Ducks zone.
9:07 of 2nd period - Chandler Stephenson is hit by Jesper Bratt and loses puck.
9:26 of 2nd period - Tim Stutzle is hit by Brayden Schenn and loses puck.
9:47 of 2nd period - Brenden Dillon is hit by Tim Stutzle.
9:57 of 2nd period - Brenden Dillon is hit by Nikita Kucherov and loses puck.
10:09 of 2nd period - Icing by Martin Fehervary.
10:10 of 2nd period - Brayden Schenn wins face-off versus Tim Stutzle in Colorado Rockies zone.
10:19 of 2nd period - Kevin Bahl is hit by Kyle Connor and loses puck.
10:44 of 2nd period - Slapshot by Kyle Connor.
10:44 of 2nd period - Shot Blocked by Joshua Morrissey.
10:46 of 2nd period - Slapshot by Martin Fehervary.
10:46 of 2nd period - Shot Blocked by Joshua Morrissey.
10:48 of 2nd period - Wrist shot by Nikita Kucherov.
10:48 of 2nd period - Stopped by Linus Ullmark without a rebound.
10:49 of 2nd period - Chandler Stephenson wins face-off versus David Pastrnak in Anaheim Ducks zone.
10:57 of 2nd period - Penalty to Ivan Provorov is over, Ivan Provorov is back on ice.
11:05 of 2nd period - Wrist shot by Jesper Bratt.
11:05 of 2nd period - Stopped by Linus Ullmark with a rebound.
11:25 of 2nd period - Kevin Hayes is hit by Alex Killorn and loses puck.
12:25 of 2nd period - Slapshot by Nazem Kadri.
12:25 of 2nd period - Deflect By William Nylander.
12:25 of 2nd period - Stopped by Daniil Tarasov without a rebound.
12:26 of 2nd period - John Tavares wins face-off versus Evgeny Kuznetsov in Colorado Rockies zone.
12:27 of 2nd period - Snap shot by Nazem Kadri.
12:27 of 2nd period - Stopped by Daniil Tarasov with a rebound.
12:29 of 2nd period - Snap shot by William Nylander.
12:29 of 2nd period - Stopped by Daniil Tarasov with a rebound.
12:31 of 2nd period - Slapshot by Kevin Bahl.
12:31 of 2nd period - Deflect By Vince Dunn.
12:31 of 2nd period - Stopped by Daniil Tarasov with a rebound.
12:33 of 2nd period - Slapshot by Kevin Bahl.
12:33 of 2nd period - Deflect By William Nylander.
12:33 of 2nd period - Shot Misses the Net.
12:33 of 2nd period - Puck is out of play.
12:34 of 2nd period - Tim Stutzle wins face-off versus Mark Scheifele in Colorado Rockies zone.
13:23 of 2nd period - Nazem Kadri is hit by Kevin Hayes and loses puck.
13:41 of 2nd period - Joshua Morrissey is hit by Kyle Palmieri.
13:47 of 2nd period - Slapshot by Jesper Bratt.
13:47 of 2nd period - Stopped by Linus Ullmark with a rebound.
14:17 of 2nd period - Snap shot by Brayden Schenn.
14:17 of 2nd period - Shot Blocked by Kyle Connor.
14:47 of 2nd period - Slapshot by Quinn Hughes.
14:47 of 2nd period - Shot Misses the Net.
15:07 of 2nd period - Slapshot by Philip Broberg.
15:07 of 2nd period - Stopped by Daniil Tarasov without a rebound.
15:08 of 2nd period - J.T. Compher wins face-off versus Kyle Palmieri in Colorado Rockies zone.
15:11 of 2nd period - Snap shot by J.T. Compher.
15:11 of 2nd period - Deflect By Parker Kelly.
15:11 of 2nd period - Stopped by Daniil Tarasov with a rebound.
15:13 of 2nd period - Snap shot by J.T. Compher.
15:13 of 2nd period - Stopped by Daniil Tarasov with a rebound.
15:15 of 2nd period - Slapshot by Parker Kelly.
15:15 of 2nd period - Shot Blocked by Andrew Peeke.
15:17 of 2nd period - Snap shot by Kevin Bahl.
15:17 of 2nd period - Stopped by Daniil Tarasov without a rebound.
15:18 of 2nd period - John Tavares wins face-off versus Tim Stutzle in Colorado Rockies zone.
16:23 of 2nd period - David Pastrnak is hit by J.T. Compher and loses puck.
16:35 of 2nd period - Minor Penalty to Martin Fehervary for High sticking.
16:36 of 2nd period - Mark Scheifele wins face-off versus Nick Schmaltz in Colorado Rockies zone.
17:06 of 2nd period - Off-side.
17:07 of 2nd period - Kevin Hayes wins face-off versus John Tavares in neutral zone.
18:11 of 2nd period - Philip Broberg is hit by Nick Schmaltz and loses puck.
18:35 of 2nd period - Penalty to Martin Fehervary is over, Martin Fehervary is back on ice.
18:40 of 2nd period - Snap shot by Will Cuylle.
18:40 of 2nd period - Shot Misses the Net.
18:42 of 2nd period - Snap shot by Will Cuylle.
18:42 of 2nd period - Shot Blocked by Victor Hedman.
18:44 of 2nd period - Wrist shot by Alex Killorn.
18:44 of 2nd period - Deflect By Chandler Stephenson.
18:44 of 2nd period - Stopped by Daniil Tarasov with a rebound.
18:46 of 2nd period - Snap shot by Will Cuylle.
18:46 of 2nd period - Shot Blocked by Victor Hedman.
18:48 of 2nd period - Snap shot by Alex Killorn.
18:48 of 2nd period - Shot Hit the Post.
18:50 of 2nd period - Snap shot by Alex Killorn.
18:50 of 2nd period - Stopped by Daniil Tarasov without a rebound.
18:51 of 2nd period - David Pastrnak wins face-off versus Chandler Stephenson in Colorado Rockies zone.
19:18 of 2nd period - Philipp Kurashev is hit by Nazem Kadri.
19:42 of 2nd period - Snap shot by Nikita Kucherov.
19:42 of 2nd period - Shot Misses the Net.
Goals for this period are 0 for Colorado Rockies vs 2 for Anaheim Ducks.
Shots for this period are 7 for Colorado Rockies vs 16 for Anaheim Ducks.
3rd period
0:01 of 3rd period - John Tavares wins face-off versus Nick Schmaltz in neutral zone.
0:10 of 3rd period - Victor Hedman is hit by Brenden Dillon.
0:45 of 3rd period - Minor Penalty to Nikita Kucherov for Tripping.
0:46 of 3rd period - Nazem Kadri wins face-off versus Kevin Hayes in Colorado Rockies zone.
1:35 of 3rd period - Snap shot by Joshua Morrissey.
1:35 of 3rd period - Stopped by Daniil Tarasov with a rebound.
1:39 of 3rd period - Snap shot by Mark Scheifele.
1:39 of 3rd period - Shot Blocked by Martin Fehervary.
1:41 of 3rd period - Slapshot by Philip Broberg.
1:41 of 3rd period - Goal by Philip Broberg - Colorado Rockies : 1 - Anaheim Ducks : 4.
1:42 of 3rd period - Nick Schmaltz wins face-off versus John Tavares in neutral zone.
1:45 of 3rd period - Slapshot by Victor Hedman.
1:45 of 3rd period - Shot Misses the Net.
1:57 of 3rd period - Slapshot by William Nylander.
1:57 of 3rd period - Stopped by Daniil Tarasov with a rebound.
2:07 of 3rd period - Martin Fehervary is hit by Brayden Schenn and loses puck.
2:32 of 3rd period - Slapshot by Martin Fehervary.
2:32 of 3rd period - Deflect By Chandler Stephenson.
2:32 of 3rd period - Stopped by Linus Ullmark with a rebound.
2:34 of 3rd period - Wrist shot by Tim Stutzle.
2:34 of 3rd period - Stopped by Linus Ullmark without a rebound.
2:35 of 3rd period - Nazem Kadri wins face-off versus Tim Stutzle in Anaheim Ducks zone.
2:40 of 3rd period - Ivan Provorov is hit by Kyle Connor and loses puck.
2:47 of 3rd period - Snap shot by Tim Stutzle.
2:47 of 3rd period - Stopped by Linus Ullmark without a rebound.
2:48 of 3rd period - John Tavares wins face-off versus Nick Schmaltz in Anaheim Ducks zone.
3:15 of 3rd period - Nick Bonino is hit by Brayden Schenn and loses puck.
3:56 of 3rd period - Off-side.
3:57 of 3rd period - J.T. Compher wins face-off versus Tim Stutzle in neutral zone.
4:10 of 3rd period - Slapshot by Nikita Kucherov.
4:10 of 3rd period - Shot Misses the Net.
4:12 of 3rd period - Wrist shot by Tim Stutzle.
4:12 of 3rd period - Stopped by Linus Ullmark without a rebound.
4:13 of 3rd period - Nick Schmaltz wins face-off versus John Tavares in Anaheim Ducks zone.
4:38 of 3rd period - Philipp Kurashev is hit by Mason Marchment and loses puck.
5:01 of 3rd period - Will Cuylle is hit by Nikita Kucherov and loses puck.
6:07 of 3rd period - Chandler Stephenson is hit by Nick Schmaltz and loses puck.
6:12 of 3rd period - Backhand shot by Nick Schmaltz.
6:12 of 3rd period - Shot Blocked by Philip Broberg.
6:14 of 3rd period - Wrist shot by Kevin Hayes.
6:14 of 3rd period - Stopped by Linus Ullmark with a rebound.
6:16 of 3rd period - Wrist shot by Nick Schmaltz.
6:16 of 3rd period - Stopped by Linus Ullmark without a rebound.
6:17 of 3rd period - John Tavares wins face-off versus Kyle Palmieri in Anaheim Ducks zone.
6:26 of 3rd period - Slapshot by Kyle Palmieri.
6:26 of 3rd period - Shot Misses the Net.
6:28 of 3rd period - Snap shot by David Pastrnak.
6:28 of 3rd period - Shot Blocked by Brenden Dillon.
6:30 of 3rd period - Snap shot by David Pastrnak.
6:30 of 3rd period - Shot Misses the Net.
6:35 of 3rd period - Minor Penalty to John Tavares for Boarding.
6:36 of 3rd period - J.T. Compher wins face-off versus Kyle Palmieri in Anaheim Ducks zone.
6:48 of 3rd period - J.T. Compher is hit by Kyle Palmieri and loses puck.
7:03 of 3rd period - Minor Penalty to Andrew Peeke for Tripping.
7:04 of 3rd period - Tim Stutzle wins face-off versus Mark Scheifele in Colorado Rockies zone.
7:14 of 3rd period - Slapshot by Martin Fehervary.
7:14 of 3rd period - Stopped by Linus Ullmark with a rebound.
7:16 of 3rd period - Slapshot by Victor Hedman.
7:16 of 3rd period - Deflect By Nikita Kucherov.
7:16 of 3rd period - Stopped by Linus Ullmark with a rebound.
7:18 of 3rd period - Slapshot by Martin Fehervary.
7:18 of 3rd period - Deflect By Mark Scheifele.
7:18 of 3rd period - Stopped by Linus Ullmark without a rebound.
7:19 of 3rd period - Kyle Palmieri wins face-off versus Mark Scheifele in Anaheim Ducks zone.
8:01 of 3rd period - Tim Stutzle is hit by Joshua Morrissey and loses puck.
8:20 of 3rd period - Kyle Palmieri is hit by Ivan Provorov and loses puck.
8:35 of 3rd period - Penalty to John Tavares is over, John Tavares is back on ice.
9:03 of 3rd period - Penalty to Andrew Peeke is over, Andrew Peeke is back on ice.
9:29 of 3rd period - Snap shot by Quinn Hughes.
9:29 of 3rd period - Stopped by Linus Ullmark with a rebound.
10:09 of 3rd period - Michael Bunting is hit by Mark Scheifele and loses puck.
10:14 of 3rd period - Slapshot by Vince Dunn.
10:14 of 3rd period - Shot Misses the Net.
10:16 of 3rd period - Snap shot by Zach Whitecloud.
10:16 of 3rd period - Stopped by Linus Ullmark without a rebound.
10:17 of 3rd period - Chandler Stephenson wins face-off versus Evgeny Kuznetsov in Anaheim Ducks zone.
10:17 of 3rd period - Chandler Stephenson is hit by Andrew Peeke.
10:23 of 3rd period - Slapshot by Esa Lindell.
10:23 of 3rd period - Shot Blocked by Andrew Peeke.
10:25 of 3rd period - Backhand shot by Alex Killorn.
10:25 of 3rd period - Shot Blocked by Philipp Kurashev.
11:09 of 3rd period - Tim Stutzle is hit by Esa Lindell and loses puck.
11:26 of 3rd period - Wrist shot by David Pastrnak.
11:26 of 3rd period - Goal by David Pastrnak - Colorado Rockies : 2 - Anaheim Ducks : 4.
11:27 of 3rd period - Nick Schmaltz wins face-off versus John Tavares in neutral zone.
11:29 of 3rd period - Off-side.
11:30 of 3rd period - John Tavares wins face-off versus Nick Schmaltz in neutral zone.
12:12 of 3rd period - Minor Penalty to Brayden Schenn for Roughing.
12:13 of 3rd period - Chandler Stephenson wins face-off versus Kyle Palmieri in Anaheim Ducks zone.
12:24 of 3rd period - Wrist shot by Jesper Bratt.
12:24 of 3rd period - Shot Misses the Net.
12:26 of 3rd period - Slapshot by Andrew Peeke.
12:26 of 3rd period - Shot Misses the Net.
12:28 of 3rd period - Slapshot by Andrew Peeke.
12:28 of 3rd period - Shot Misses the Net.
14:12 of 3rd period - Penalty to Brayden Schenn is over, Brayden Schenn is back on ice.
14:37 of 3rd period - Icing by Zach Whitecloud.
14:38 of 3rd period - Evgeny Kuznetsov wins face-off versus Mark Scheifele in Colorado Rockies zone.
14:58 of 3rd period - Wrist shot by Nazem Kadri.
14:58 of 3rd period - Shot Blocked by Nick Schmaltz.
15:00 of 3rd period - Slapshot by Esa Lindell.
15:00 of 3rd period - Shot Blocked by Vince Dunn.
15:08 of 3rd period - Minor Penalty to Michael Bunting for Tripping.
15:09 of 3rd period - Kevin Hayes wins face-off versus Mark Scheifele in Colorado Rockies zone.
15:35 of 3rd period - Victor Hedman is hit by Mason Marchment and loses puck.
15:56 of 3rd period - Martin Fehervary is hit by William Nylander.
17:08 of 3rd period - Penalty to Michael Bunting is over, Michael Bunting is back on ice.
17:36 of 3rd period - Wrist shot by Jonny Brodzinski.
17:36 of 3rd period - Stopped by Daniil Tarasov with a rebound.
17:38 of 3rd period - Snap shot by Parker Kelly.
17:38 of 3rd period - Stopped by Daniil Tarasov without a rebound.
17:39 of 3rd period - J.T. Compher wins face-off versus Philipp Kurashev in Colorado Rockies zone.
17:52 of 3rd period - Wrist shot by J.T. Compher.
17:52 of 3rd period - Stopped by Daniil Tarasov without a rebound.
17:53 of 3rd period - Kevin Hayes wins face-off versus Alex Killorn in Colorado Rockies zone.
18:07 of 3rd period - Kevin Hayes is hit by Alex Killorn and loses puck.
18:27 of 3rd period - Wrist shot by Philipp Kurashev.
18:27 of 3rd period - Shot Misses the Net.
18:29 of 3rd period - Slapshot by Zach Whitecloud.
18:29 of 3rd period - Stopped by Linus Ullmark with a rebound.
18:39 of 3rd period - Wrist shot by David Pastrnak.
18:39 of 3rd period - Stopped by Linus Ullmark without a rebound.
18:40 of 3rd period - John Tavares wins face-off versus Kyle Palmieri in Anaheim Ducks zone.
19:40 of 3rd period - Wrist shot by John Tavares.
19:40 of 3rd period - Shot Misses the Net.
19:50 of 3rd period - Slapshot by Quinn Hughes.
19:50 of 3rd period - Stopped by Linus Ullmark without a rebound.
19:51 of 3rd period - Mark Scheifele wins face-off versus Evgeny Kuznetsov in Anaheim Ducks zone.
19:51 of 3rd period - Mark Scheifele is hit by Martin Fehervary.
Goals for this period are 1 for Colorado Rockies vs 1 for Anaheim Ducks.
Shots for this period are 15 for Colorado Rockies vs 6 for Anaheim Ducks.
Back to the Top